 Dungeon Crawl Stone Soup version 0.31.0-9-g3a7656b989 (webtiles) character file.

Game seed: 13104464492339576240

37 qw the Shooter (level 3, -1/20 HPs)
             Began as a Deep Elf Hunter on Feb 2, 2024.
             Slain by Sigmund
             ... wielding a +0 scythe
              (6 damage)
             ... on level 2 of the Dungeon.
             The game lasted 00:00:03 (1161 turns).

qw the Shooter (Deep Elf Hunter)                    Turns: 1161, Time: 00:00:03

Health: -1/20      AC:  6    Str: 10    XL:     3   Next: 21%
Magic:  5/5        EV: 11    Int: 13    God:
Gold:   52         SH:  0    Dex: 18    Spells: 2/2 levels left

rFire   . . .        a - +0 shortbow
rCold   . . .        (shield currently unavailable)
rNeg    . . .        g - +1 ring mail
rPois   .            (no helmet)
rElec   .            (no cloak)
rCorr   .            (no gloves)
SInv    .            (no boots)
Will    +....        (no amulet)
Stlth   +            (no ring)
HPRegen 0.23/turn    (no ring)
MPRegen 0.09/turn

%: no passive effects
@: enlightened, flying (expiring)
A: no striking features
a: no special abilities


You were on level 2 of the Dungeon.
You visited 1 branch of the dungeon, and saw 2 of its levels.

You collected 52 gold pieces.


   Skills:
 - Level 1.5 Fighting
 + Level 6.8 Ranged Weapons
 - Level 2.4 Dodging
 - Level 1.2 Stealth


You had 2 spell levels left.
You didn't know any spells.
Your spell library was empty.

Inventory:

Hand Weapons
 a - a +0 shortbow (weapon)
Armour
 g - a +1 ring mail (worn)

Dungeon Overview and Level Annotations

Branches:
Dungeon (2/15)

Altars:

Annotations:
D:2 Sigmund


Message History

It was a potion of enlightenment.
You feel very buoyant.
You fly up into the air.
1147 ||| DRINKING brown potion.
It was a potion of ambrosia.
You are more confused.
You feel invigorated.
Sigmund casts a spell.
Sigmund flickers and vanishes!
Deactivating autopickup; reactivate with Ctrl-A.
You shoot an arrow. You shoot an arrow. Something hits you but does no damage.
You shoot an arrow.
You feel less invigorated. Something completely misses you.
You shoot an arrow.
You feel less confused. Something hits you.
You shoot an arrow. Something hits you.
You shoot an arrow. Something hits you!
You shoot an arrow. You shoot an arrow. Something hits you.
You shoot an arrow. Something hits you but does no damage.
You shoot an arrow. Something hits you.
You shoot an arrow. Something hits you.
You shoot an arrow. You shoot an arrow. Something hits you but does no damage.
You shoot an arrow.
You are starting to lose your buoyancy.
Sigmund appears from thin air!
Reactivating autopickup.
Sigmund hits you from afar with a +0 scythe.
You die...
Sigmund begins carving another notch in his scythe.

#. ####........#
#........#
.#####........#
..............#
#######.#######
............#
#.##........#
#........#
#.......@#
#.........@....$
#.....%.....?..>
##.#.###........
#.#. #........ .
#. #########


You could see Sigmund.

Vanquished Creatures
  An adder (D:2)
  A dart slug (D:1)
  3 bats (D:1)
  4 endoplasms
  2 giant cockroaches
  2 hobgoblins (D:1)
  2 quokkas (D:1)
  A ball python (D:1)
  A frilled lizard (D:1)
  2 goblins (D:1)
  2 kobolds (D:1)
  5 rats (D:1)
26 creatures vanquished.

Notes
Turn   | Place    | Note
-------+----------+-------------------------------------------
     0 | D:1      | qw the Deep Elf Hunter began the quest for the Orb.
     0 | D:1      | Reached XP level 1. HP: 12/12 MP: 3/3
     0 | D:1      | 0 ||| qw: Version: 0.3-a-155-g5e7d8dd
     0 | D:1      | 0 ||| qw: Game counter: 2081
     0 | D:1      | 0 ||| qw: Melee chars always use a shield: true
     0 | D:1      | 0 ||| qw: God list: Okawaru
     0 | D:1      | 0 ||| qw: Allow faded altars: false
     0 | D:1      | 0 ||| qw: Do Orc after clearing Dungeon:15 true
     0 | D:1      | 0 ||| qw: Do second Lair branch before Depths: true
     0 | D:1      | 0 ||| qw: Lair rune preference: random
     0 | D:1      | 0 ||| qw: Goals: Normal
     0 | D:1      | 0 ||| PLANNING D:1-11
   199 | D:1      | Reached XP level 2. HP: 12/16 MP: 4/4
   202 | D:1      | Reached skill level 6 in Ranged Weapons
   456 | D:1      | Found a faded altar of an unknown god.
   941 | D:1      | 941 ||| UPGRADING to +0 ring mail.
   951 | D:1      | 951 ||| DROPPING +0 leather armour.
   952 | D:1      | 952 ||| READING scroll labelled GANONEANEGYTS.
   952 | D:1      | 952 ||| ENCHANTING +0 ring mail.
   953 | D:1      | 953 ||| READING scroll labelled COIPIFOYWK.
   954 | D:1      | 954 ||| DROPPING scroll of butterflies.
  1041 | D:2      | Reached XP level 3. HP: 14/20 MP: 5/5
  1142 | D:2      | Noticed Sigmund
  1144 | D:2      | 1144 ||| DRINKING glowing emerald potion.
  1145 | D:2      | 1145 ||| DRINKING ruby potion.
  1146 | D:2      | 1146 ||| DRINKING bubbling coppery potion.
  1147 | D:2      | 1147 ||| DRINKING brown potion.
  1157 | D:2      | HP: 5/20 [something (2)]
  1161 | D:2      | Slain by Sigmund

Levels and vault maps discovered:
D:1:      nicolae_arrival_somewhat_less_tricky_arrival, layout_loops_ring,
          nicolae_ecumenical_lake_church, hex_large
D:2:      layout_basic, uniq_sigmund

Skill      XL: |  1  2 |
---------------+-------+-----
Ranged Weapons | 6 |  6.8
Fighting       | |  1.5
Dodging        | |  2.4
Stealth        | |  1.2

Action                     || total
---------------------------++-------
   Fire: Shortbow          ||    68
    Use: Scroll            ||     2
         Potion            ||     4
 Armour: Leather armour    ||     2
         Ring mail         ||    11
  Dodge: Dodged            ||     9

Table legend:
 A = Non-vault XP
 B = Vault XP
 C = Vault XP percentage of total XP
 D = Non-vault monster count
 E = Vault monster count
 F = Vault count percentage of total count
                 A         B        C        D         E       F
            +---------+---------+-------+---------+---------+-------
      Total |      53 |       0 |   0.0 |      26 |       0 |   0.0
            +---------+---------+-------+---------+---------+-------
        D:1 |      36 |       0 |   0.0 |      23 |       0 |   0.0
        D:2 |      17 |       0 |   0.0 |       3 |       0 |   0.0
            +---------+---------+-------+---------+---------+-------
